AoeStats
← fepe.eltala

Arabia

507843748Analyzed
2v2 RM · 13d ago on Sep 19, 2026· 47m 40s· 4 players
Game mode
Random Map
Map size
Medium (4 player)
Population
200
Speed
Normal
Resources
Standard
Victory
Conquest
Starting age
Dark Age
Ending age
Imperial Age
RankedLock teamsTeams togetherTeam positionsShared explorationLock speedFull tech treeHidden civsTurbo modeCheats
Victory
Defeat
🇦🇹 Magyars · Austria
1091
+17
🇷🇴 Bulgarians · Romania
1090
+17
🇦🇷 Turks · Argentina
1126
-18
🇦🇷 Ethiopians · Argentina
1094
-16
Balthasar
10:27 Feudal Age
9:25 Loom
11:11 Double-Bit Axe
18:47 Scale Barding Armor
18:57 Bloodlines
26:49 Castle Age
25:07 Fletching
25:19 Padded Archer Armor
26:13 Horse Collar
27:44 Thumb Ring
30:58 Bodkin Arrow
32:34 Bow Saw
35:51 Husbandry
37:45 Ballistics
46:11 Leather Archer Armor
Witzke
8:18 Loom
10:42 Feudal Age
16:40 Double-Bit Axe
23:10 Castle Age
23:52 Bloodlines
24:11 Forging
24:07 Scale Barding Armor
24:53 Husbandry
30:23 Wheelbarrow
31:50 Pikeman
33:51 Iron Casting
34:48 Chain Barding Armor
35:18 Squires
37:04 Stirrups
40:06 Imperial Age
41:54 Blast Furnace
41:49 Conscription
41:03 Cavalier
43:37 Plate Barding Armor
44:07 Stirrups
44:36 Bow Saw
48:22 Chemistry
fepe.eltala
5:39 Loom
8:50 Feudal Age
10:08 Double-Bit Axe
16:42 Horse Collar
18:51 Town Watch
21:29 Castle Age
20:21 Scale Barding Armor
20:27 Forging
21:09 Bloodlines
22:10 Gold Mining
25:06 Iron Casting
25:20 Gold Shaft Mining
30:26 Husbandry
32:09 Chain Barding Armor
41:00 Imperial Age
jORGitoPOrcel_JR
6:26 Loom
9:55 Feudal Age
10:40 Double-Bit Axe
21:06 Fletching
27:38 Padded Archer Armor
30:02 Horse Collar
34:04 Castle Age
34:07 Crossbowman
34:54 Bodkin Arrow
40:31 Leather Archer Armor
41:26 Ballistics
47:47 Thumb Ring
50:27 Imperial Age
Connection lost

Rejoining the realm…

Still unreachable

The connection could not be restored.

Session expired

The server has moved on; the page needs a fresh start.